 Dungeon Crawl Stone Soup version 0.19.3-4-gbf9329e (webtiles) character file.

86 Krakonus1 the Cutter (level 4, -3/29 HPs)
             Began as a Kobold Chaos Knight on Jan 30, 2017.
             Slain by a worm (8 damage)
             ... on level 2 of the Dungeon.
             The game lasted 00:11:52 (954 turns).

Krakonus1 the Cutter (Kobold Chaos Knight)           Turns: 954, Time: 00:11:53

Health: -3/29      AC:  3    Str:  9    XL:     4   Next: 78%
Magic:  4/4        EV: 16    Int: 13    God:    Xom [..*...]
Gold:   108        SH:  4    Dex: 15    Spells: 0 memorised, 3 levels left

rFire  . . .     SeeInvis .     f - -2 dagger (curse)
rCold  . . .     Gourm    .     h - +0 robe
rNeg   . . .     Faith    .     (shield restricted)
rPois  .         Spirit   .     (no helmet)
rElec  .         Reflect  .     (no cloak)
rCorr  .         Harm     .     e - +0 pair of gloves
MR     .....                    (no boots)
Stlth  ++........               (no amulet)
                                (no ring)
                                (no ring)

@: no status effects
A: hooves 1, large bone plates 1, carnivore 3, no device heal 1
a: Renounce Religion


You were on level 2 of the Dungeon.
You worshipped Xom.
You were a toy of Xom.
You were very full.

You visited 1 branch of the dungeon, and saw 2 of its levels.

You collected 108 gold pieces.

Inventory:

Hand Weapons
 a - a +0 short sword of chaos
 f - a cursed -2 dagger (weapon)
 i - a +0 dagger
Armour
 b - a +2 leather armour
 e - a +0 pair of gloves (worn)
 h - a +0 robe (worn)
Comestibles
 c - 2 meat rations
 d - 2 chunks of flesh


   Skills:
 + Level 3.8 Fighting
 + Level 4.5 Short Blades
 + Level 1.3 Armour
 * Level 3.7 Dodging
 * Level 2.3 Stealth
   Level 0.1 Shields


You had 3 spell levels left.
You didn't know any spells.

Dungeon Overview and Level Annotations

Branches:
Dungeon (2/15)

Altars:


Innate Abilities, Weirdness & Mutations

You are small and have problems with some larger weapons.
You are carnivorous and can eat meat at any time.
You have large cloven feet.
You are partially covered in large bone plates. (SH +4)
Potions and wands are less effective at restoring your health.


Message History

The worm is heavily wounded.
You hit the worm but do no damage.
The worm is heavily wounded.
The worm closely misses you.
You hit the worm.
The worm is heavily wounded.
You hit the worm but do no damage. You kick the worm, but do no damage.
The worm is heavily wounded.
The worm misses you.
You hit the worm.
The worm is severely wounded.
You hit the worm but do no damage.
The worm is severely wounded.
The worm bites you but does no damage.
You hit the worm.
The worm is severely wounded.
You hit the worm but do no damage.
The worm is severely wounded.
The worm bites you!
You die...

..#⌠ ##+.# ...
###.#. #....###..
###......#...#....
......... ...#..#
##.......##+.#.#
#............$.###
#...............>#
......w###...###.#
.# #..@...#.# #.##.#
#...#..#.# #..#.#
#..#_#.#.###....# .#
##..#....##..#.###.#
#...^......##.# ..#
## ....###..#.##.##
..### ##........
########......
....).........


You could see a worm.

Vanquished Creatures
  A gnoll (D:1)
  3 adders (D:1)
  A river rat (D:1)
  3 leopard geckos (D:1)
  4 giant cockroaches
  7 goblins
  3 hobgoblins (D:1)
  7 bats
  A frilled lizard (D:1)
  6 kobolds
  3 rats (D:1)
39 creatures vanquished.

Notes
Turn   | Place    | Note
-------+----------+-------------------------------------------
     0 | D:1      | Krakonus1 the Kobold Chaos Knight began the quest for the Orb.
     0 | D:1      | Reached XP level 1. HP: 14/14 MP: 1/1
    75 | D:1      | Reached XP level 2. HP: 18/19 MP: 2/2
   100 | D:1      | Gained mutation: Potions and wands are less effective at restoring your health. [potion of mutation]
   100 | D:1      | Gained mutation: You have large cloven feet. [potion of mutation]
   100 | D:1      | Gained mutation: You are partially covered in large bone plates. (SH +4) [potion of mutation]
   125 | D:1      | XOM: divination: magic mapping
   140 | D:1      | XOM: mild Erth miscast
   208 | D:1      | Reached skill level 1 in Armour
   208 | D:1      | Reached XP level 3. HP: 20/24 MP: 3/3
   267 | D:1      | Reached skill level 1 in Stealth
   518 | D:1      | Reached XP level 4. HP: 24/29 MP: 4/4
   633 | D:1      | XOM: mild Erth miscast
   873 | D:2      | Found a faded altar of an unknown god.
   954 | D:2      | Slain by a worm

Skill      XL: |  1  2  3  4 |
---------------+-------------+-----
Armour         | 1 |  1.3
Dodging        | 3 |  3.7
Stealth        | 1 2 |  2.3
Fighting       | |  3.8
Short Blades   | |  4.5
Shields        | |  0.1

Action                   |  1- 3 |  4- 6 || total
-------------------------+-------+-------++-------
Melee: Short sword       |   100 |    29 ||   129
       Kick              |    16 |    20 ||    36
       Dagger            |       |    67 ||    67
  Use: Potion            |     2 |       ||     2
       Scroll            |     1 |     1 ||     2
 Stab: Confused          |       |     1 ||     1
       Sleeping          |       |     1 ||     1
  Eat: Chunk             |     7 |     1 ||     8
Armor: Leather armour    |    36 |    10 ||    46
       Robe              |       |     3 ||     3
Dodge: Dodged            |    75 |    44 ||   119
Block: Other             |    23 |     4 ||    27
       Shield            |    23 |    28 ||    51
